 Dungeon Crawl Stone Soup version 0.21-a0-404-g291f19a (webtiles) character file.

766 Ijustatesigmund the Chopper (level 7, -8/64 HPs)
             Began as a Hill Orc Warper on Oct 26, 2017.
             Killed by nerve-wracking pain
             ... invoked by Grinder
              (14 damage)
             ... while paralysed by Grinder
             ... on level 3 of the Dungeon.
             The game lasted 00:15:58 (5059 turns).

Ijustatesigmund the Chopper (Hill Orc Warper)       Turns: 5059, Time: 00:15:59

Health: -8/64      AC:  6    Str: 14    XL:     7   Next: 82%
Magic:  9/9        EV:  2    Int: 13    God:
Gold:   169        SH:  0    Dex: 12    Spells: 7/9 levels left

rFire    . . .     SeeInvis .   a - +0 hand axe
rCold    . . .     Gourm    .   p - +1 buckler
rNeg     . . .     Faith    .   b - +0 ring mail
rPois    .         Spirit   .   (no helmet)
rElec    .         Reflect  .   m - +0 cloak
rCorr    .         Harm     .   (no gloves)
MR       .....                  (no boots)
Stlth    ++........             (no amulet)
HPRegen  0.20/turn              h - ring of stealth
MPRegen  0.11/turn              j - ring of flight

@: paralysed, drained
A: no striking features
a: Evoke Flight


You were on level 3 of the Dungeon.
You were not hungry.

You visited 1 branch of the dungeon, and saw 5 of its levels.

You collected 169 gold pieces.

Inventory:

Hand Weapons
 a - a +0 hand axe (weapon)
Missiles
 e - 5 tomahawks of dispersal (quivered)
Armour
 b - a +0 ring mail (worn)
 m - a +0 cloak (worn)
 p - a +1 buckler (worn)
Jewellery
 h - a ring of stealth (left hand)
 i - an uncursed ring of fire
 j - a ring of flight (right hand)
Scrolls
 k - a scroll of recharging
 q - 5 scrolls of identify
Books
 c - a book of Spatial Translocations

   Spells                             Type                      Level
   a - Blink                          Translocation                2
   b - Shroud of Golubria             Charms/Translocation         2
   c - Lesser Beckoning               Translocation                3
   d - Gell's Gravitas                Translocation                3
   e - Teleport Other                 Translocation                3
   f - Passage of Golubria            Translocation                4
 t - Jessica's Tome of Orientation
   (You found it on level 3 of the Dungeon)

   Spells                             Type                      Level
   a - Blink                          Translocation                2
Comestibles
 f - 2 bread rations
 l - a meat ration


   Skills:
 + Level 6.4(6.1) Fighting
 + Level 7.0(6.7) Axes
 - Level 0.8(0.5) Throwing
 - Level 3.3(2.9) Armour
 - Level 1.5(1.2) Dodging
 + Level 3.3(3.0) Shields
 - Level 1.5(1.2) Spellcasting
 - Level 2.4(2.1) Translocations


You had 7 spell levels left.
You knew the following spells:

 Your Spells              Type           Power        Failure   Level  Hunger
a - Blink                 Tloc           N/A          36%         2    ###....


Dungeon Overview and Level Annotations

Branches:
Dungeon (5/15)
 Temple: D:4-7

Altars:
Dithmenos
Elyvilon
Gozag
Okawaru
Qazlal
Trog
Zin
The Shining One

Annotations:
D:3 Grinder
D:4 Salmacis's ghost, novice VSFi
D:5 Protee's ghost, novice OpAs


Message History

* * * LOW HITPOINT WARNING * * *
You hit Grinder.
Grinder is severely wounded.
Grinder hits you.
* * * LOW HITPOINT WARNING * * *
You writhe in agony.
* * * LOW HITPOINT WARNING * * *
You hit Grinder.
Grinder is severely wounded.
You block Grinder's attack.
You closely miss Grinder.
Grinder is severely wounded.
You block Grinder's attack.
You barely miss Grinder.
Grinder is severely wounded.
Grinder gestures at you.
You suddenly lose the ability to move!
Grinder gestures at you. Pain shoots through your body!
You die...

≈...≈§......# **######.###.
....≈§≈≈≈...# *,,,* #..##.
.§#≈##≈≈≈...## *,,,* ##.##.
§≈≈≈≈§≈#≈....# *,,,* #..##
≈≈#≈.§§§.....# *,,,****##.##
§≈#≈>_§≈.....# *,,.,,,,,#...
§.#≈≈≈§#.≈...########...,,,,,##..
.(##≈≈≈#≈§...................##..
.....≈≈≈.....##.@5...........###'
......≈.....###..............# #.
..........≈.# #..............# #.
###........####......).......# #.
# #...(....'.................# ##
# #........###...............# #
# ##'#'#.#####...............# #
# #.#.......#.............#.# #
#.#.#.###.#........###..#.#


You could see Grinder.

Vanquished Creatures
  Sigmund (D:2)
  A water moccasin (D:5)
  An ogre (D:4)
  A scorpion (D:4)
  A crimson imp (D:5)
  An orc priest (D:4)
  A hound (D:5)
  3 orc wizards
  A centaur skeleton (D:4)
  Jessica (D:3)
  3 adders
  An ooze (D:1)
  6 dart slugs
  A worm (D:4)
  3 leopard geckos (D:1)
  15 orcs
  10 bats
  4 giant cockroaches
  7 goblins
  10 hobgoblins
  11 jackals
  3 kobolds
  A quokka (D:3)
  A ball python (D:3)
  2 frilled lizards (D:1)
  7 rats
97 creatures vanquished.

Notes
Turn   | Place    | Note
-------+----------+-------------------------------------------
     0 | D:1      | Ijustatesigmund the Hill Orc Warper began the quest for the Orb.
     0 | D:1      | Reached XP level 1. HP: 18/18 MP: 3/3
    65 | D:1      | Reached skill level 3 in Axes
    80 | D:1      | Reached XP level 2. HP: 17/25 MP: 4/4
    90 | D:1      | Learned a level 2 spell: Blink
   529 | D:1      | Reached XP level 3. HP: 29/31 MP: 5/5
   757 | D:1      | Reached skill level 4 in Axes
   963 | D:1      | Found a glowing golden altar of the Shining One.
  1036 | D:2      | Found an opulent altar of Gozag.
  1040 | D:2      | Found a shadowy altar of Dithmenos.
  1045 | D:2      | Found a bloodstained altar of Trog.
  1143 | D:2      | Reached XP level 4. HP: 21/40 MP: 6/6
  1283 | D:2      | Noticed Sigmund
  1319 | D:2      | Killed Sigmund
  1319 | D:2      | Reached skill level 5 in Axes
  1319 | D:2      | Reached XP level 5. HP: 6/47 MP: 7/7
  1844 | D:2      | Found a white marble altar of Elyvilon.
  1844 | D:2      | Found a glowing golden altar of the Shining One.
  1847 | D:2      | Found a glowing silver altar of Zin.
  2071 | D:3      | Reached XP level 6. HP: 53/55 MP: 8/8
  2083 | D:3      | Reached skill level 5 in Fighting
  2617 | D:3      | Noticed Jessica
  2625 | D:3      | Killed Jessica
  2632 | D:3      | Identified Jessica's Tome of Orientation
  2793 | D:3      | Found a stormy altar of Qazlal.
  2831 | D:3      | Noticed Grinder
  2851 | D:4      | Noticed Salmacis's ghost (novice VSFi)
  3038 | D:4      | Found an iron altar of Okawaru.
  3047 | D:5      | Entered Level 5 of the Dungeon
  3080 | D:5      | Reached skill level 1 in Shields
  3226 | D:5      | Reached skill level 6 in Axes
  3439 | D:4      | Reached XP level 7. HP: 56/61 MP: 9/9
  3626 | D:5      | HP: 1/62 [water moccasin (5)]
  3780 | D:5      | Noticed Protee's ghost (novice OpAs)
  4498 | D:4      | HP: 3/63 [ogre/giant club (16)]
  4502 | D:4      | Reached skill level 7 in Axes
  5033 | D:3      | Paralysed by Grinder for 5 turns
  5045 | D:3      | Paralysed by Grinder for 6 turns
  5058 | D:3      | Paralysed by Grinder for 2 turns
  5059 | D:3      | Killed from afar by Grinder

Vault maps used:
D:1:      minmay_arrival_four_houses, minmay_misc_feat_columns,
          minmay_misc_feat_tower, tso_altar
D:2:      good_gods_temple_1, minmay_overflow_temple_star_quad, uniq_sigmund
D:3:      nicolae_qazlal_general_emergency, first_bread,
          kennysheep_jessica_study, uniq_grinder
D:4:      temple_green, serial_shops, nicolae_shop_behind_doors,
          okawaru_metal_pillars_1_2
D:5:      kennysheep_little_box

Skill      XL: |  1  2  3  4  5  6  7 |
---------------+----------------------+-----
Axes           | 3 4 5 6 7 |  7.0
Fighting       | 3 4 5 6 |  6.4
Armour         | 3 |  3.3
Shields        | 1 3 |  3.3
Throwing       | |  0.8
Dodging        | |  1.5
Spellcasting   | |  1.5
Translocations | |  2.4

Action                   |  1- 3 |  4- 6 |  7- 9 || total
-------------------------+-------+-------+-------++-------
Melee: Hand axe          |    98 |   236 |   140 ||   474
       War axe           |       |       |    20 ||    20
 Cast: Blink             |       |     2 |       ||     2
  Use: Scroll            |     1 |     5 |     2 ||     8
       Potion            |     1 |     1 |     3 ||     5
 Stab: Sleeping          |     4 |     1 |       ||     5
  Eat: Chunk             |       |     8 |     1 ||     9
       Fruit             |       |     1 |     3 ||     4
       Royal jelly       |       |       |     1 ||     1
Armor: Leather armour    |    10 |       |       ||    10
       Ring mail         |    25 |    88 |    51 ||   164
Dodge: Dodged            |    76 |   129 |    61 ||   266
Block: Buckler           |       |    41 |    34 ||    75

Table legend:
 A = Spawn XP
 B = Non-spawn XP
 C = Spawn XP percentage of total XP
 D = Spawn monster count
 E = Non-spawn monster count
 F = Spawn count percentage of total count
 G = Total turns spent on level
                    A         B        C        D         E        F      G
               +---------+---------+-------+---------+---------+-------+---------
         Total |       0 |    1095 |   0.0 |       0 |      97 |   0.0 |  5059
               +---------+---------+-------+---------+---------+-------+---------
           D:1 |       0 |      70 |   0.0 |       0 |      32 |   0.0 |  1007
           D:2 |       0 |     246 |   0.0 |       0 |       9 |   0.0 |  1317
           D:3 |       0 |     140 |   0.0 |       0 |      27 |   0.0 |  1480
           D:4 |       0 |     371 |   0.0 |       0 |      15 |   0.0 |   580
           D:5 |       0 |     268 |   0.0 |       0 |      14 |   0.0 |   675
               +---------+---------+-------+---------+---------+-------+---------
